 Dungeon Crawl Stone Soup version 0.21-a0-584-g185da8e (webtiles) character file.

261805 mopl the Unseen (level 20, -23/155 HPs)
             Began as a Formicid Enchanter on Dec 19, 2017.
             Was the Champion of Dithmenos.
             Killed from afar by Asterion (62 damage)
             ... with an orb of electricity
             ... on level 2 of the Elven Halls on Dec 20, 2017.
             The game lasted 02:13:26 (38617 turns).

mopl the Unseen (Formicid Enchanter)               Turns: 38617, Time: 02:13:31

Health: -23/155    AC: 12    Str: 19    XL:     20   Next: 78%
Magic:  29/41      EV: 20    Int: 16    God:    Dithmenos [******]
Gold:   2052       SH: 13    Dex: 21    Spells: 16/35 levels left

rFire    + . .     SeeInvis +   T - +2 rapier (elec)
rCold    . . .     Gourm    .   c - +0 shield {reflect}
rNeg     . . .     Faith    .   f - +2 robe {Archmagi}
rPois    +         Spirit   .   (helmet unavailable)
rElec    .         Reflect  +   j - +2 cloak {rPois}
rCorr    +         Harm     .   l - +3 pair of gloves "Cucuco Loxke" {rCorr Str+8}
MR       ++...                  g - +1 pair of boots
Stlth    ++++......             u - amulet of regeneration
HPRegen  0.75/turn              U - ring of Serieskia {MP+9 Str-4 Dex+4 Stlth+}
MPRegen  0.27/turn              m - ring of protection from fire

@: liquid flames, very slightly contaminated, glowing, heavily drained
A: permanent stasis, dig shafts and tunnels, four strong arms, antennae 3,
deformed body
}: 2/15 runes: decaying, gossamer
a: Dig, Shaft Self, Shadow Step, Shadow Form, Renounce Religion


You were on level 2 of the Elven Halls.
You worshipped Dithmenos.
Dithmenos was exalted by your worship.
You were not hungry.

You visited 7 branches of the dungeon, and saw 35 of its levels.
You also visited: Labyrinth.

You collected 3560 gold pieces.
You spent 1508 gold pieces at shops.

Inventory:

Hand Weapons
 a - a +2 dagger of electrocution
 i - a +0 rapier of venom
 p - a +0 great sword of freezing
 O - a +2 antimagic double sword
 T - a +2 rapier of electrocution (weapon)
Missiles
 b - 21 tomahawks (quivered)
 y - 15 poisoned needles
Armour
 c - a +0 shield of reflection (worn)
 f - a +2 robe of the Archmagi (worn)
 g - a +1 pair of boots (worn)
 j - a +2 cloak of poison resistance (worn)
 l - the +3 pair of gloves "Cucuco Loxke" (worn) {rCorr Str+8}
   (You found it on level 3 of the Lair of Beasts)

   It affects your strength (+8).
   It protects you from acid and corrosion.
Jewellery
 m - a ring of protection from fire (right hand)
 u - an amulet of regeneration (around neck)
 I - an uncursed ring of flight
 J - an uncursed ring of protection from cold
 U - the ring of Serieskia (left hand) {MP+9 Str-4 Dex+4 Stlth+}
   (You found it in a labyrinth)

   [ring of dexterity]

   It affects your strength (-4).
   It affects your dexterity (+4).
   It affects your magic capacity (+9).
   It makes you more stealthy.
 W - the amulet of Fenel {Reflect rElec rN+ SH+3}
   (You found it on level 4 of the Lair of Beasts)

   [amulet of reflection]

   It shields you and reflects attacks.
   It insulates you from electricity.
   It protects you from negative energy.
   It affects your SH (+3).
 Z - an uncursed ring of protection from magic
Wands
 x - a wand of enslavement (24)
 E - a wand of scattershot (5)
 K - a wand of iceblast (28)
 L - a wand of acid (19)
Scrolls
 e - 3 scrolls of amnesia
 h - 9 scrolls of magic mapping
 q - 8 scrolls of remove curse
 r - a scroll of brand weapon
 s - 5 scrolls of fear
 w - 3 scrolls of summoning
 z - a scroll of enchant weapon
 A - 13 scrolls of identify
 G - a scroll of vulnerability
 N - a scroll of fog
Potions
 k - 7 potions of heal wounds
 n - 3 potions of resistance
 o - 7 potions of flight
 t - 3 potions of cancellation
 v - 6 potions of magic
 B - 9 potions of curing
 C - 4 potions of agility
 F - 3 potions of might
 H - 5 potions of ambrosia
 M - 3 potions of brilliance
 S - 2 potions of lignification {!q}
Miscellaneous
 D - a fan of gales
 Q - a lightning rod (4/4)
 Y - a phantom mirror
Comestibles
 d - 57 rations
 P - 5 chunks of flesh


   Skills:
 + Level 12.9(11.1) Fighting
 + Level 13.7(11.9) Short Blades
 + Level 8.8(7.2) Throwing
 + Level 11.3(9.5) Dodging
 + Level 20.0(18.0) Stealth
 + Level 12.4(10.7) Shields
 + Level 8.4(6.8) Spellcasting
 - Level 4.0(2.5) Conjurations
 - Level 16.0(14.0) Hexes
 - Level 3.0(1.6) Ice Magic
 + Level 11.9(10.1) Invocations


You had 16 spell levels left.
You knew the following spells:

 Your Spells              Type           Power        Failure   Level  Hunger
a - Apportation           Tloc           #.....       13%         1    None
b - Ensorcelled Hibernat  Hex/Ice        #####.       1%          2    None
c - Confuse               Hex            ######..     1%          3    ##.....
d - Tukima's Dance        Hex            ######..     1%          3    ##.....
e - Invisibility          Hex            ######..     6%          6    #######
g - Dazzling Spray        Conj/Hex       #####.       1%          3    ##.....
A - Corona                Hex            ######.      1%          1    None


Dungeon Overview and Level Annotations

Branches:
Dungeon (15/15)            Temple (1/1) D:7            Lair (6/6) D:8
  Swamp (4/4) Lair:2       Spider (4/4) Lair:3        Slime (0/5) Lair:5
    Orc (2/2) D:11            Elf (3/3) Orc:2        Vaults (0/5) D:13
 Depths (0/5) D:15

Altars:
Ashenzari
Cheibriados
Dithmenos
Elyvilon
Fedhas
Gozag
Hepliaklqana
Kikubaaqudgha
Makhleb
Nemelex Xobeh
Okawaru
Qazlal
Ru
Sif Muna
Trog
Uskayaw
Vehumet
Wu Jian
Xom
Yredelemnul
Zin
The Shining One
Beogh
Jiyva

Shops:
D:4 ?   D:5 =   D:13 *   Orc:2 [*?[

Annotations:
Lair:4 exclusion: 3 oklob plants
Swamp:1 exclusion: Roxanne, Roxanne
Elf:2 Asterion


Innate Abilities, Weirdness & Mutations

You cannot be hasted, slowed, berserked, paralysed or teleported.
You can dig through walls and to a lower floor.
Your four strong arms can wield two-handed weapons with a shield.
You have a pair of large antennae on your head. (SInv)
Armour fits poorly on your strangely shaped body.


Message History

Confirm with . or Enter, or press ? or * to list all spells.
Aiming: Dazzling Spray
Press: ? - help, Shift-Dir - straight line, f/p - Asterion
Aim: Asterion, wielding a morningstar of draining, wearing a ring mail and wearing a shield (black smoke, severely wounded, fast, umbra)
You feel a surge of power!
The spray of energy hits Asterion.
Asterion is severely wounded.
Asterion conjures a destructive force in the name of Makhleb!
The sticky flame hits you!
You are covered in liquid flames!
The balrug gestures at you. The bolt of fire hits you! You resist.
* * * LOW HITPOINT WARNING * * *
You feel much better.
You are covered in liquid flames!
You block Asterion's attack. Asterion gores you!
* * * LOW HITPOINT WARNING * * *
The balrug misses you.
Asterion conjures a destructive force in the name of Makhleb!
The orb of electricity explodes!
The orb of electricity engulfs you!
You die...

#...###............###...........
.....#).............#............
#................................
##)....##...##...##...##.....###.
##...####.####.####.####.#.''#++
##### ### ### ### #####...#
#############################'''#
..........[...§§§§§§....#.#......
.....(........§H@§)§..(..#...#.#.
.............§§§2§§>....#.#..###.
............?..§§§§.[......#..#..
......:.....................).#.)
.........................##..[#..
..........................#######
.........................##...#..
............................).#.)
................[..........#..#..


You could see Asterion and a balrug.

Vanquished Creatures
  Nikola (Spider:3)
  3 thorn hunters
  Donald (Elf:2)
  A deep elf sorcerer (Elf:1)
  Aizul (Elf:2)
  3 ghost moths
  Louise (Swamp:1)
  11 emperor scorpions
  3 entropy weavers
  Snorg (D:10)
  A deep elf death mage (Elf:1)
  A minotaur (Lab)
  Josephine (D:13)
  4 ogre magi (Orc:2)
  A yaktaur captain (D:15)
  A vault guard (D:13)
  A ghost crab (Swamp:3)
  22 hydras
  Erica (D:8)
  A catoblepas (D:13)
  18 two-headed ogres
  A queen ant (Lair:5)
  The ghost of Daviar the Transmogrifier, a novice NaTm of Cheibriados (D:8)
  A tengu warrior (D:15)
  25 dancing weapons
  7 centaur warriors
  9 alligators
  The ghost of Lanoc the Carver, a journeyman VSBe of Trog (D:12)
  8 deep elf knights
  13 skeletal warriors
  An unseen horror (D:15)
  15 swamp dragons
  4 deep elf archers
  A wizard (Elf:1)
  A spriggan druid (Swamp:4)
  5 shambling mangroves
  2 necromancers
  20 orb spiders
  13 wolf spider zombies
  29 deep elf magi
  21 wolf spiders
  22 ugly things
  2 orc sorcerers
  14 elephants
  4 cyclopes
  28 slime creatures
  3 centaur zombies
  2 manticores (D:13)
  4 black mambas
  4 moths of wrath
  A black mamba (shapeshifter) (D:15)
  2 torpor snails
  A kobold demonologist (Elf:1)
  20 spiny frogs
  9 redback zombies (Spider:1)
  8 komodo dragons
  4 gargoyles
  3 rime drakes
  A yaktaur (D:15)
  13 demonic crawlers
  A tengu conjurer (D:15)
  3 meliai (D:15)
  18 jumping spiders
  A hornet (shapeshifter) (D:13)
  The ghost of night the Ducker, an amateur GnGl of Gozag (D:4)
  7 trolls
  Grinder (D:5)
  7 polar bears
  5 tyrant leeches
  24 hornets
  5 bog bodies
  Prince Ribbit (D:7)
  12 tarantella zombies (Spider:1)
  14 dream sheep
  10 hippogriffs
  12 blink frogs
  A meliai zombie (D:14)
  2 air elementals (Elf:1)
  4 wyverns
  18 spriggans
  31 tarantellas
  Sigmund (D:4)
  A water elemental (Elf:2)
  2 shadows
  72 redbacks
  29 yaks
  A fire elemental (Elf:1)
  A tyrant leech zombie (Swamp:4)
  4 wraiths
  3 basilisks
  A hungry ghost (D:10)
  26 vampire mosquitoes
  22 insubstantial wisps
  3 wargs (Orc:2)
  Menkaure (D:4)
  24 soldier ants (Lair:5)
  10 water moccasins
  19 swamp worms
  9 porcupines
  A hornet zombie (D:14)
  11 swamp drakes
  2 ice beasts
  21 orc warriors
  2 eyes of draining
  3 phantoms
  4 sky beasts
  A necrophage (D:9)
  9 black bears
  16 wolves (Lair:6)
  11 boggarts
  37 ogres
  13 centaurs
  16 crocodiles
  A big kobold (D:6)
  Blork the orc (D:5)
  15 bullfrogs
  A wyvern zombie (D:13)
  A scorpion (D:5)
  An electric eel (Spider:3)
  3 wights (D:14)
  3 howler monkeys (D:7)
  A crimson imp (D:9)
  2 bullfrog zombies
  A quasit (D:7)
  29 orc wizards
  24 orc priests
  Crazy Yiuf (D:2)
  9 centaur skeletons
  11 hounds
  4 jellies
  3 bullfrog skeletons
  7 iguanas
  38 worker ants
  A crocodile zombie (Swamp:4)
  An ogre zombie (D:4)
  A hound zombie (D:9)
  3 hound skeletons
  2 orc zombies (D:4)
  A swamp drake zombie (Swamp:4)
  5 adders
  8 river rats (D:4)
  5 shadow imps
  3 adder skeletons
  An adder zombie (D:5)
  6 worms
  4 dart slugs
  6 leopard geckos
  97 orcs
  7 giant cockroaches
  9 goblins
  7 hobgoblins
  14 jackals
  2 quokkas
  A ball python (D:2)
  8 bats
  4 frilled lizards
  13 kobolds
  A quokka skeleton (D:4)
  A quokka zombie (D:9)
  21 rats
1343 creatures vanquished.

Vanquished Creatures (collateral kills)
  A skeletal warrior (D:14)
  An orc warrior (Orc:2)
  An orc wizard (Orc:2)
  3 orcs (Orc:2)
6 creatures vanquished.

Vanquished Creatures (others)
  A dancing weapon (D:13)
  A shambling mangrove (Swamp:4)
  A deep elf mage (Elf:1)
  A spiny frog (Swamp:3)
  A hornet (Swamp:4)
  2 swamp drakes (Swamp:4)
  A centaur (D:13)
  5 bushes (D:8)
  9 fungi
  25 plants
47 creatures vanquished.

Grand Total: 1396 creatures vanquished

Notes
Turn   | Place    | Note
-------+----------+-------------------------------------------
     0 | D:1      | mopl the Formicid Enchanter began the quest for the Orb.
     0 | D:1      | Reached XP level 1. HP: 13/13 MP: 3/3
   592 | D:1      | Reached XP level 2. HP: 11/19 MP: 3/5
   596 | D:1      | Learned a level 2 spell: Ensorcelled Hibernation
  1154 | D:2      | Reached skill level 4 in Stealth
  1154 | D:2      | Reached XP level 3. HP: 24/24 MP: 6/6
  1175 | D:2      | Reached skill level 4 in Hexes
  1529 | D:2      | Reached skill level 1 in Ice Magic
  1712 | D:2      | Reached XP level 4. HP: 22/30 MP: 7/7
  1768 | D:2      | Learned a level 3 spell: Confuse
  1824 | D:2      | Found a runed door.
  1828 | D:2      | Noticed Crazy Yiuf
  1834 | D:2      | Killed Crazy Yiuf
  1834 | D:2      | Reached skill level 2 in Short Blades
  2283 | D:2      | Found an ancient bone altar of Kikubaaqudgha.
  2302 | D:2      | Reached XP level 5. HP: 21/35 MP: 9/9
  2576 | D:3      | Learned a level 3 spell: Tukima's Dance
  2639 | D:3      | Reached skill level 3 in Spellcasting
  2645 | D:3      | You fall through a shaft for 2 floors!
  2645 | D:5      | Entered Level 5 of the Dungeon
  2871 | D:4      | Found a transporter.
  2881 | D:4      | Learned a level 1 spell: Apportation
  2893 | D:4      | Noticed Menkaure
  2906 | D:4      | Killed Menkaure
  2906 | D:4      | Reached skill level 3 in Short Blades
  2906 | D:4      | Reached skill level 5 in Stealth
  2906 | D:4      | Reached skill level 5 in Hexes
  2906 | D:4      | Reached skill level 2 in Ice Magic
  2906 | D:4      | Reached XP level 6. HP: 33/41 MP: 7/10
  3860 | D:4      | Found a transporter.
  3860 | D:4      | Noticed an ogre
  3866 | D:4      | Killed an ogre
  3866 | D:4      | Reached XP level 7. HP: 46/46 MP: 11/11
  3891 | D:4      | Reached skill level 3 in Ice Magic
  3911 | D:4      | Noticed Sigmund
  3912 | D:4      | Noticed night's ghost (amateur GnGl)
  3961 | D:4      | Killed Sigmund
  3961 | D:4      | Reached skill level 6 in Stealth
  3967 | D:4      | Found Begurchyl's Magic Scroll Emporium.
  4008 | D:4      | Bought a scroll of fear for 42 gold pieces
  4008 | D:4      | Bought a scroll of random uselessness for 12 gold pieces
  4008 | D:4      | Bought a scroll of magic mapping for 42 gold pieces
  4008 | D:4      | Bought a scroll of remove curse for 36 gold pieces
  4008 | D:4      | Bought a scroll of teleportation for 36 gold pieces
  4048 | D:4      | Killed night's ghost
  4048 | D:4      | Reached skill level 4 in Short Blades
  4048 | D:4      | Reached skill level 6 in Hexes
  4048 | D:4      | Reached XP level 8. HP: 52/52 MP: 7/13
  4151 | D:5      | Found Lyteg's Jewellery Emporium.
  4304 | D:5      | Reached skill level 4 in Spellcasting
  4383 | D:5      | Reached skill level 7 in Stealth
  5185 | D:5      | Noticed Grinder
  5198 | D:5      | Killed Grinder
  5198 | D:5      | Reached skill level 5 in Short Blades
  5198 | D:5      | Reached skill level 7 in Hexes
  5245 | D:5      | Reached skill level 8 in Stealth
  5245 | D:5      | Reached XP level 9. HP: 57/57 MP: 9/15
  5301 | D:5      | Noticed Blork the orc
  5310 | D:5      | Killed Blork the orc
  5384 | D:5      | Learned a level 3 spell: Dazzling Spray
  5532 | D:5      | Reached skill level 1 in Conjurations
  5829 | D:5      | Reached skill level 6 in Short Blades
  5829 | D:5      | Reached skill level 8 in Hexes
  6485 | D:6      | Noticed a moth of wrath
  6488 | D:6      | Found a bloodstained altar of Trog.
  6605 | D:6      | Killed a moth of wrath
  6605 | D:6      | Reached skill level 9 in Stealth
  6605 | D:6      | Reached skill level 2 in Conjurations
  7199 | D:7      | Reached XP level 10. HP: 62/63 MP: 16/16
  7298 | D:7      | Reached skill level 3 in Conjurations
  7717 | D:7      | Found an iron altar of Okawaru.
  7721 | D:7      | Reached skill level 7 in Short Blades
  7721 | D:7      | Reached skill level 9 in Hexes
  7737 | D:7      | Found a burning altar of Makhleb.
  7762 | D:7      | Reached skill level 10 in Stealth
  7812 | D:7      | Noticed Prince Ribbit
  7819 | D:7      | Killed Prince Ribbit
  7848 | D:7      | Reached skill level 4 in Conjurations
  7937 | D:7      | Found a staircase to the Ecumenical Temple.
  7946 | Temple   | Entered the Ecumenical Temple
  8314 | D:8      | Noticed Daviar's ghost (novice NaTm)
  8345 | D:8      | Killed Daviar's ghost
  8345 | D:8      | Reached skill level 1 in Fighting
  8345 | D:8      | Reached skill level 2 in Dodging
  8619 | D:8      | Reached skill level 10 in Hexes
  8621 | D:8      | Reached skill level 2 in Fighting
  8647 | D:7      | Reached skill level 11 in Stealth
  8647 | D:7      | Reached XP level 11. HP: 35/72 MP: 0/17
  8869 | D:8      | Found a staircase to the Lair.
  9038 | D:8      | Reached skill level 3 in Dodging
  9235 | D:8      | Noticed Erica
  9239 | D:8      | Killed Erica
  9239 | D:8      | Reached skill level 3 in Fighting
  9239 | D:8      | Reached skill level 8 in Short Blades
  9239 | D:8      | Reached skill level 5 in Spellcasting
  9625 | D:9      | Found an ancient bone altar of Kikubaaqudgha.
  9679 | D:9      | Found a shadowy altar of Dithmenos.
  9696 | D:9      | Became a worshipper of Dithmenos the Shadowed
  9968 | D:9      | Noticed a two-headed ogre
 10065 | D:9      | Killed a two-headed ogre
 10065 | D:9      | Reached skill level 1 in Invocations
 10213 | D:10     | Entered Level 10 of the Dungeon
 10267 | D:10     | Reached skill level 11 in Hexes
 10436 | D:10     | Reached skill level 12 in Stealth
 10575 | D:10     | Noticed Snorg
 10582 | D:10     | Killed Snorg
 10582 | D:10     | Reached skill level 2 in Invocations
 10845 | D:10     | Reached skill level 4 in Fighting
 10845 | D:10     | Reached skill level 4 in Dodging
 10874 | D:10     | Reached * piety under Dithmenos
 10887 | D:10     | Reached XP level 12. HP: 54/82 MP: 1/19
 11053 | D:10     | Noticed a centaur warrior
 11062 | D:10     | Killed a centaur warrior
 11541 | D:11     | Found a portal to a secret trove of treasure.
 11617 | D:11     | Found a staircase to the Orcish Mines.
 11666 | D:11     | Found a roughly hewn altar of Beogh.
 11692 | D:11     | Reached skill level 3 in Invocations
 12400 | D:4      | Bought a scroll of fear for 42 gold pieces
 12400 | D:4      | Bought a scroll of identify for 24 gold pieces
 12400 | D:4      | Bought a scroll of identify for 24 gold pieces
 12400 | D:4      | Bought a scroll of amnesia for 42 gold pieces
 12400 | D:4      | Bought a scroll of fear for 42 gold pieces
 12400 | D:4      | Bought a scroll of identify for 24 gold pieces
 12524 | Lair:1   | Entered Level 1 of the Lair of Beasts
 12556 | Lair:1   | Found a glowing golden altar of the Shining One.
 12698 | Lair:1   | Reached skill level 13 in Stealth
 12698 | Lair:1   | Reached skill level 12 in Hexes
 12975 | Lair:1   | Noticed a four-headed hydra
 12982 | Lair:1   | Killed a four-headed hydra
 12982 | Lair:1   | Reached ** piety under Dithmenos
 13063 | Lair:1   | Reached skill level 5 in Fighting
 13066 | Lair:1   | Reached skill level 9 in Short Blades
 13178 | Lair:1   | Noticed a five-headed hydra
 13271 | Lair:1   | Killed a five-headed hydra
 13271 | Lair:1   | Reached skill level 4 in Invocations
 13706 | Lair:2   | Reached skill level 5 in Dodging
 13828 | Lair:2   | Reached XP level 13. HP: 91/91 MP: 16/20
 13843 | Lair:2   | Noticed an eight-headed hydra
 13867 | Lair:2   | Killed an eight-headed hydra
 13993 | Lair:2   | Reached skill level 5 in Invocations
 14203 | Lair:2   | Found a staircase to the Swamp.
 14210 | Lair:2   | Reached skill level 14 in Stealth
 14345 | Lair:2   | Reached skill level 13 in Hexes
 14357 | Lair:2   | Reached skill level 6 in Fighting
 14549 | Lair:2   | Got a slimy war axe
 14594 | Lair:2   | Noticed a five-headed hydra
 14601 | Lair:2   | Killed a five-headed hydra
 14697 | Lair:3   | Reached *** piety under Dithmenos
 14971 | Lair:3   | Got a pair of slimy gloves
 14982 | Lair:3   | Identified the +3 pair of gloves "Cucuco Loxke" {rCorr Str+8} (You found it on level 3 of the Lair of Beasts)
 15236 | Lair:3   | Found a hole to the Spider Nest.
 15626 | Lair:4   | Reached skill level 6 in Invocations
 16314 | Lair:4   | Got a coiled steel amulet
 16326 | Lair:4   | Identified the amulet of Fenel {Reflect rElec rN+ SH+3} (You found it on level 4 of the Lair of Beasts)
 16461 | Lair:5   | Reached skill level 1 in Shields
 16475 | Lair:5   | Found a labyrinth entrance.
 16485 | Lab      | Entered a labyrinth
 16629 | Lab      | Noticed a minotaur
 16647 | Lab      | Killed a minotaur
 16647 | Lab      | Reached skill level 6 in Dodging
 16702 | Lab      | Got a faintly glowing lapis lazuli ring
 16703 | Lab      | Identified the ring of Serieskia {MP+9 Str-4 Dex+4 Stlth+} (You found it in a labyrinth)
 16713 | Lab      | Got a jewelled leather armour
 16724 | Lab      | Identified the +2 leather armour of the Turtledove {Dex+2} (You found it in a labyrinth)
 16982 | Lair:5   | Found a viscous altar of Jiyva.
 16982 | Lair:5   | Found a staircase to the Slime Pits.
 16993 | Lair:5   | Reached skill level 2 in Shields
 16993 | Lair:5   | Reached XP level 14. HP: 85/100 MP: 21/21
 17010 | Lair:5   | Reached skill level 15 in Stealth
 17126 | Lair:5   | Noticed an entropy weaver
 17127 | Lair:5   | Reached skill level 7 in Fighting
 17174 | Lair:5   | Reached **** piety under Dithmenos
 17175 | Lair:5   | Noticed an entropy weaver
 17176 | Lair:5   | Killed an entropy weaver
 17176 | Lair:5   | Reached skill level 10 in Short Blades
 17188 | Lair:5   | Reached skill level 14 in Hexes
 17280 | Lair:5   | Killed an entropy weaver
 17280 | Lair:5   | Reached skill level 3 in Shields
 17851 | Lair:6   | Entered Level 6 of the Lair of Beasts
 17894 | Lair:6   | Found a basalt altar of Yredelemnul.
 17999 | Lair:6   | Reached skill level 4 in Shields
 18239 | Lair:6   | Reached ***** piety under Dithmenos
 18395 | Lair:6   | Reached skill level 16 in Stealth
 18619 | Lair:6   | Reached skill level 7 in Dodging
 18652 | Lair:6   | Reached skill level 8 in Fighting
 18878 | Lair:6   | Reached XP level 15. HP: 109/109 MP: 22/22
 18897 | Lair:6   | Reached skill level 5 in Shields
 19049 | Lair:6   | Reached skill level 15 in Hexes
 19143 | Lair:6   | Identified the +8 plate armour "Rausu" {rF+} (You found it on level 6 of the Lair of Beasts)
 19828 | Orc:1    | Entered Level 1 of the Orcish Mines
 20038 | Orc:2    | Entered Level 2 of the Orcish Mines
 20038 | Orc:2    | Found a staircase to the Elven Halls.
 20191 | Orc:2    | Reached ****** piety under Dithmenos
 21313 | Orc:1    | Reached skill level 6 in Shields
 21789 | Orc:2    | Reached skill level 11 in Short Blades
 21789 | Orc:2    | Reached skill level 17 in Stealth
 21856 | Orc:2    | Found Rorakh's Armour Emporium.
 21856 | Orc:2    | Found Gegastosk's Magic Scroll Boutique.
 21857 | Orc:2    | Found Jiang's Assorted Antiques.
 21857 | Orc:2    | Found Nohaanut's Armour Shoppe.
 22070 | Orc:2    | Bought a scroll of noise for 14 gold pieces
 22071 | Orc:2    | Bought a scroll of enchant armour for 105 gold pieces
 22073 | Orc:2    | Bought a scroll labeled YRIQOM BUBOIHA for 27 gold pieces
 22073 | Orc:2    | Bought a pair of glowing boots for 202 gold pieces
 22220 | Orc:2    | Bought a scroll of acquirement for 728 gold pieces
 22507 | D:12     | Noticed Lanoc's ghost (journeyman VSBe)
 22537 | D:12     | Killed Lanoc's ghost
 22537 | D:12     | Reached skill level 9 in Fighting
 23367 | D:13     | Reached XP level 16. HP: 94/119 MP: 23/23
 23402 | D:13     | Found Bitsogeo's Assorted Antiques.
 23434 | D:13     | Reached skill level 8 in Dodging
 23434 | D:13     | Reached skill level 16 in Hexes
 23883 | D:13     | Reached skill level 7 in Shields
 23905 | D:13     | Bought a bubbling yellow potion for 20 gold pieces
 23905 | D:13     | Bought a scroll of identify for 46 gold pieces
 23958 | D:13     | You fall through a shaft!
 24200 | D:13     | Reached skill level 1 in Throwing
 24301 | D:13     | Found a gate to the Vaults.
 24426 | D:14     | Noticed Josephine
 24551 | D:13     | Killed Josephine
 24748 | D:14     | Reached skill level 2 in Throwing
 25288 | D:15     | Entered Level 15 of the Dungeon
 25291 | D:15     | Reached skill level 18 in Stealth
 25318 | D:15     | Reached skill level 7 in Invocations
 25340 | D:15     | Reached skill level 8 in Shields
 25359 | D:15     | Reached skill level 3 in Throwing
 25442 | D:15     | Identified Nobram's Tome of Creative Conjuration
 25718 | D:15     | Reached skill level 10 in Fighting
 25758 | D:15     | Reached XP level 17. HP: 123/127 MP: 24/24
 26427 | D:15     | Found a staircase to the Depths.
 26429 | D:15     | Reached skill level 4 in Throwing
 26669 | Spider:1 | Entered Level 1 of the Spider Nest
 26694 | Spider:1 | Reached skill level 8 in Invocations
 26718 | Spider:1 | Reached skill level 9 in Dodging
 26827 | Spider:1 | Reached skill level 9 in Shields
 27036 | Spider:1 | Reached skill level 12 in Short Blades
 27128 | Spider:1 | Got a dazzling quarterstaff
 27129 | Spider:1 | Identified the +11 quarterstaff of Gallantry {freeze, *Corrode rF+ Dex+4} (You found it on level 1 of the Spider Nest)
 28315 | Spider:1 | Reached skill level 5 in Throwing
 28325 | Spider:1 | Upgraded the game from 0.21-a0-582-g1b93aee to 0.21-a0-584-g185da8e
 28838 | Spider:1 | Reached skill level 9 in Invocations
 29382 | Spider:2 | Reached skill level 11 in Fighting
 29389 | Spider:2 | Reached XP level 18. HP: 117/138 MP: 25/25
 29745 | Spider:2 | Reached skill level 10 in Shields
 30244 | Spider:3 | Noticed Nikola
 30248 | Spider:3 | Killed Nikola
 30248 | Spider:3 | Reached skill level 6 in Throwing
 31024 | Spider:4 | Entered Level 4 of the Spider Nest
 31135 | Spider:3 | Reached skill level 19 in Stealth
 31404 | Spider:4 | Reached skill level 10 in Dodging
 31791 | Spider:4 | Reached skill level 6 in Spellcasting
 31816 | Spider:4 | Reached skill level 10 in Invocations
 32414 | Spider:4 | Got a gossamer rune of Zot
 32618 | Swamp:1  | Entered Level 1 of the Swamp
 32692 | Swamp:1  | Learned a level 6 spell: Invisibility
 32724 | Swamp:1  | Reached XP level 19. HP: 77/145 MP: 28/28
 32803 | Swamp:1  | Reached skill level 11 in Shields
 33176 | Swamp:1  | Reached skill level 7 in Throwing
 33262 | Swamp:1  | Noticed Louise
 33269 | Swamp:1  | Killed Louise
 33425 | Swamp:1  | Noticed Roxanne
 33430 | Swamp:1  | Reached skill level 13 in Short Blades
 33986 | Swamp:2  | Reached skill level 12 in Fighting
 34525 | Swamp:3  | Reached skill level 7 in Spellcasting
 35242 | Swamp:4  | Entered Level 4 of the Swamp
 35392 | Swamp:4  | Reached skill level 11 in Invocations
 35804 | Swamp:4  | Reached skill level 8 in Throwing
 35892 | Swamp:4  | Reached XP level 20. HP: 130/154 MP: 30/31
 36154 | Swamp:4  | Got a decaying rune of Zot
 36650 | Elf:1    | Entered Level 1 of the Elven Halls
 36723 | Elf:1    | Reached skill level 12 in Shields
 36729 | Elf:1    | Reached skill level 11 in Dodging
 37453 | Elf:2    | Found a runed gate.
 37453 | Elf:2    | Found a runed gate.
 37464 | Elf:2    | Found a runed gate.
 37474 | Elf:2    | Noticed Donald
 37485 | Elf:2    | Reached skill level 8 in Spellcasting
 37490 | Elf:2    | Killed Donald
 37716 | Elf:2    | Noticed Aizul
 37720 | Elf:2    | Killed Aizul
 37871 | Elf:2    | Reached skill level 20 in Stealth
 38461 | Elf:3    | Entered Level 3 of the Elven Halls
 38461 | Elf:3    | Noticed Asterion
 38512 | Elf:3    | Gained mutation: Armour fits poorly on your strangely shaped body. [a cacodemon]
 38617 | Elf:2    | Killed from afar by Asterion

Vault maps used:
D:1:      lemuel_arrival_funnel
D:2:      wad_crossroads, kiku_gazebo_pond_becter, uniq_crazy_yiuf_cottage
D:3:      kennysheep_another_room, kennysheep_generic_room_7
D:4:      gammafunk_cloud_chamber, serial_shops, nicolae_shop_waterfront,
          dk_rats_in_the_wall, uniq_sigmund, uniq_menkaure
D:5:      first_ration, serial_shops, nicolae_shop_stone, uniq_blork_the_orc,
          uniq_grinder
D:6:      tgw_trog
D:7:      amethyst_overflow_temple_binary,
          minmay_temple_entry_statues_fountains, uniq_prince_ribbit1
D:8:      minmay_lair_entry_grove, the_bakery, uniq_erica
D:9:      nicolae_dithmenos_through_a_glass_darkly, basic_altar
D:10:     basic_loot_grate_trap, lightli_fourway_metalbox, uniq_snorg
D:11:     minmay_orc_entry_temple_small, enter_trove_1, serial_co_window_serial,
          co_window_paths_a, co_window_paths_b, co_window_paths_b,
          co_window_paths_a, co_window_paths_a, co_window_of_opportunity_a,
          co_window_broadway_a, co_window_2corner, co_window_unsneaky_path_a,
          co_window_cross_2, glass_columns_b
D:13:     david_vaults_5, serial_shops, shop
D:14:     dk_noncrumbling_3, uniq_josephine
D:15:     grunt_enter_depths_snipers, corexii_hall_statues_i
Temple:   dpeg_five_rooms_temple
Lair:1:   basic_altar
Lair:2:   beast_lair_carwin_large_2, minmay_swamp_entry_reptiles, serial_forest,
          infiniplex_forest_3_way, infiniplex_forest_lined_room_2,
          infiniplex_forest_straight_5, infiniplex_forest_lined_2,
          infiniplex_forest_lined_room_, infiniplex_forest_straight_4,
          infiniplex_forest_pool, infiniplex_forest_zigzag_2, minmay_hedge_maze,
          guppyfry_lair_drakes
Lair:3:   dummy_spider_entry
Lair:4:   minmay_lair_oklob_chamber, infiniplex_staircase_pool_2,
          lemuel_fruit_tree
Lair:5:   slime_altar_1, lab_entry_generic, nicolae_quartered_pool_little,
          minivault_29
Lair:6:   minmay_lair_end_enchanted_forest, basic_altar
Swamp:1:  evilmike_swamp_ruin_house_4, uniq_louise, uniq_roxanne
Swamp:2:  evilmike_swamp_ruin_rubble_1, cheibrodos_swamp_slimy
Swamp:3:  evilmike_swamp_ruin_rubble_2
Swamp:4:  swamp, swamp_pool2, nicolae_swamp_necromancer_hut
Spider:1: lemuel_spider_zombies
Spider:2: spider_trap
Spider:3: uniq_nikola
Spider:4: grunt_spider_rune_circles
Orc:2:    st_orc_ogre_mass
Elf:1:    eino_elf_arrival_sip, hangedman_elf_disciples
Elf:2:    uniq_aizul, uniq_donald
Elf:3:    elf_hall, hangedman_elf_targetted_burst, grunt_megastairs_4,
          uniq_asterion
Lab:      labyrinth_watery, nicolae_lab_dead_end

Skill      XL: |  1  2  3  4  5  6  7  8  9 10 11 12 13 14 15 16 17 18 19 20 |
---------------+-------------------------------------------------------------+-----
Stealth        | 4 5 6 8 9 11 12 13 14 16 17 18 19 20 | 20.0
Hexes          | 4 5 6 7 8 10 11 12 13 14 15 16 | 16.0
Ice Magic      | 1 2 3 |  3.0
Short Blades   | 2 3 4 5 6 7 8 9 10 11 12 13 | 13.7
Spellcasting   | 3 4 5 6 7 8 |  8.4
Conjurations   | 2 4 |  4.0
Fighting       | 2 4 5 6 8 9 10 11 12 | 12.9
Dodging        | 2 4 5 6 7 8 9 10 11 | 11.3
Invocations    | 2 4 6 7 9 10 11 | 11.9
Shields        | 2 4 6 8 9 10 11 12 | 12.4
Throwing       | 3 5 6 8 |  8.8

Action                   |  1- 3 |  4- 6 |  7- 9 | 10-12 | 13-15 | 16-18 | 19-21 || total
-------------------------+-------+-------+-------+-------+-------+-------+-------++-------
Melee: Dagger            |   101 |   151 |   334 |   392 |   953 |  1257 |   444 ||  3632
       Rapier            |       |       |       |       |       |    13 |   279 ||   292
       Great sword       |       |       |       |       |       |       |    25 ||    25
Throw: Tomahawk          |       |       |       |       |       |       |     1 ||     1
 Cast: Corona            |     4 |       |       |       |       |     1 |       ||     5
       Ensorcelled Hiber |     5 |     9 |    41 |    79 |   259 |   279 |   108 ||   780
       Confuse           |       |     3 |    13 |    32 |    24 |    66 |     7 ||   145
       Tukima's Dance    |       |       |     1 |     6 |     6 |    15 |       ||    28
       Dazzling Spray    |       |       |       |     2 |    34 |    58 |    35 ||   129
       Apportation       |       |       |       |       |    15 |       |       ||    15
       Invisibility      |       |       |       |       |       |       |    14 ||    14
Invok: Shadow Form       |       |       |       |       |       |     1 |       ||     1
       Shadow Step       |       |       |       |       |       |       |     7 ||     7
 Abil: Dig               |       |       |     1 |     1 |     4 |    10 |     1 ||    17
       End Transformatio |       |       |       |       |       |     1 |       ||     1
Evoke: Wand              |       |       |       |     2 |     8 |     1 |       ||    11
       Fan of gales      |       |       |       |     1 |       |       |       ||     1
       Lightning rod     |       |       |       |       |     4 |       |       ||     4
  Use: Scroll            |     2 |     5 |     2 |     4 |    11 |     6 |     2 ||    32
       Potion            |     1 |       |     2 |       |       |     6 |     1 ||    10
 Stab: Sleeping          |    10 |    11 |    31 |    92 |   205 |   248 |   130 ||   727
       Confused          |       |     2 |     8 |    16 |    18 |    36 |     2 ||    82
       Distracted        |       |       |     1 |     3 |     9 |     2 |     2 ||    17
       Invisible         |       |       |       |     2 |    12 |    16 |    59 ||    89
  Eat: Chunk             |     3 |     7 |    11 |    22 |    42 |    27 |    21 ||   133
       Ration            |       |       |     1 |     2 |       |     5 |     2 ||    10
Armor: Robe              |    15 |    29 |    68 |    64 |    42 |   190 |    99 ||   507
       Troll leather arm |       |       |       |     9 |    95 |       |       ||   104
Dodge: Dodged            |    78 |    74 |   123 |   200 |   508 |   761 |   442 ||  2186
Block: Other             |       |       |       |       |    32 |       |       ||    32
       Buckler           |       |       |       |       |   225 |   514 |   211 ||   950
       Reflection        |       |       |       |       |     6 |    16 |     6 ||    28
       Shield            |       |       |       |       |       |       |    32 ||    32
       Rpst.: Great sword |       |       |       |       |       |       |     4 ||     4

Table legend:
 A = Spawn XP
 B = Non-spawn XP
 C = Spawn XP percentage of total XP
 D = Spawn monster count
 E = Non-spawn monster count
 F = Spawn count percentage of total count
 G = Total turns spent on level
                    A         B        C        D         E        F      G
               +---------+---------+-------+---------+---------+-------+---------
         Total |       0 |  397013 |   0.0 |       0 |    1355 |   0.0 | 38617
               +---------+---------+-------+---------+---------+-------+---------
           D:1 |       0 |      27 |   0.0 |       0 |      16 |   0.0 |  1150
           D:2 |       0 |     117 |   0.0 |       0 |      30 |   0.0 |  1417
           D:3 |       0 |      60 |   0.0 |       0 |      26 |   0.0 |   985
           D:4 |       0 |    1138 |   0.0 |       0 |      39 |   0.0 |  1178
           D:5 |       0 |    1350 |   0.0 |       0 |      45 |   0.0 |  1302
           D:6 |       0 |     824 |   0.0 |       0 |      17 |   0.0 |  1148
           D:7 |       0 |    2017 |   0.0 |       0 |      37 |   0.0 |  1238
           D:8 |       0 |    4384 |   0.0 |       0 |      27 |   0.0 |  1133
           D:9 |       0 |    1970 |   0.0 |       0 |      21 |   0.0 |   931
          D:10 |       0 |    5035 |   0.0 |       0 |      26 |   0.0 |  1343
          D:11 |       0 |    1887 |   0.0 |       0 |      21 |   0.0 |  1037
          D:12 |       0 |    5953 |   0.0 |       0 |      33 |   0.0 |  1202
          D:13 |       0 |   12052 |   0.0 |       0 |      37 |   0.0 |   810
          D:14 |       0 |   17474 |   0.0 |       0 |      59 |   0.0 |  1047
          D:15 |       0 |   25940 |   0.0 |       0 |      60 |   0.0 |  1053
        Lair:1 |       0 |    5146 |   0.0 |       0 |      17 |   0.0 |  1110
        Lair:2 |       0 |   10361 |   0.0 |       0 |      38 |   0.0 |  1335
        Lair:3 |       0 |    5349 |   0.0 |       0 |      18 |   0.0 |  1162
        Lair:4 |       0 |    2288 |   0.0 |       0 |      10 |   0.0 |   877
        Lair:5 |       0 |   12793 |   0.0 |       0 |      66 |   0.0 |  1234
        Lair:6 |       0 |   22170 |   0.0 |       0 |      87 |   0.0 |  1743
       Swamp:1 |       0 |   22446 |   0.0 |       0 |      54 |   0.0 |   971
       Swamp:2 |       0 |   11406 |   0.0 |       0 |      39 |   0.0 |   806
       Swamp:3 |       0 |   16025 |   0.0 |       0 |      35 |   0.0 |   837
       Swamp:4 |       0 |   30825 |   0.0 |       0 |      65 |   0.0 |  1156
      Spider:1 |       0 |   39860 |   0.0 |       0 |     112 |   0.0 |  2292
      Spider:2 |       0 |    7564 |   0.0 |       0 |      22 |   0.0 |   619
      Spider:3 |       0 |   19314 |   0.0 |       0 |      30 |   0.0 |  1361
      Spider:4 |       0 |   33597 |   0.0 |       0 |      67 |   0.0 |  1321
         Orc:1 |       0 |    1854 |   0.0 |       0 |      27 |   0.0 |   740
         Orc:2 |       0 |   21833 |   0.0 |       0 |      97 |   0.0 |  1752
         Elf:1 |       0 |   15569 |   0.0 |       0 |      28 |   0.0 |   521
         Elf:2 |       0 |   35336 |   0.0 |       0 |      44 |   0.0 |  1306
         Elf:3 |       0 |    1499 |   0.0 |       0 |       2 |   0.0 |    41
           Lab |       0 |    1550 |   0.0 |       0 |       3 |   0.0 |   262
               +---------+---------+-------+---------+---------+-------+---------
